 Dungeon Crawl Stone Soup version bcrawl-1.40.3b (webtiles) character file.

Game seed: 11030422084283581841

310676 iceDog the Magician (level 9, -2/70 HPs)
             Began as a Gnoll Warper on Feb 24, 2024.
             Was a Follower of Makhleb.
             Slain by a sky beast (6 damage)
             ... on level 5 of the Dungeon.
             The game lasted 00:27:52 (5455 turns).

iceDog the Magician (Gnoll Warper)                  Turns: 5455, Time: 00:27:52

Health: -2/70      AC:  2    Str: 22      XL:     9   Next: 53%
Magic:  19/19      EV: 17    Int: 19      God:    Makhleb [*.....]
Gold:   270        SH:  1    Dex: 13 (14) Spells: 14/21 levels left

rFire    . . .     GDR:     29% q - +1 great sword
rCold    . . .     SeeInvis .   (shield currently unavailable)
rNeg     . . .     Gourm    .   t - +3 ring mail of Dishonour {Int+2}
rPois    .         Faith    .   z - +0 helmet
rElec    .         Spirit   .   (no cloak)
rCorr    .         Reflect  .   b - +0 pair of gloves
MR       .....                  s - +0 pair of boots
Stlth    ++........             x - amulet of magic regeneration
HPRegen  0.21/turn              u - +3 ring of evasion
MPRegen  0.36/turn              D - +4 ring of strength

@: corroded, studying Throwing
A: distributed training, fangs 1, deformed body, sense surroundings 1, strong 1,
MP-powered wands, strong nose
a: Minor Destruction, Renounce Religion


You were on level 5 of the Dungeon.
You worshipped Makhleb.
Makhleb was aware of your devotion.
You were hungry.

You visited 1 branch of the dungeon, and saw 6 of its levels.
You also visited: Sewer.

You collected 270 gold pieces.

Inventory:

Hand Weapons
 a - a +0 hand crossbow
 d - a +1 halberd of venom
 q - a +1 great sword (weapon)
 r - the +1 spear of Mocwew {vamp, -Tele Str+4 Stlth+}
   (You took it off a gnoll sergeant on level 4 of the Dungeon)

   It inflicts no extra harm, but heals its wielder when it wounds a living foe.
   It affects your strength (+4).
   It prevents most forms of teleportation.
   It makes you more stealthy.
 w - a +2 dagger of freezing
Missiles
 f - 158 bolts
 m - 841 arrows
Armour
 b - a +0 pair of gloves (worn)
 s - a +0 pair of boots (worn)
 t - the +3 ring mail of Dishonour (worn) {Int+2}
   (You took it off a gnoll sergeant on level 4 of the Dungeon)

   It affects your intelligence (+2).
 z - a +0 helmet (worn)
Jewellery
 u - a +3 ring of evasion (left hand)
 x - an amulet of magic regeneration (around neck)
 D - a +4 ring of strength (right hand)
Wands
 h - a wand of random effects (2)
 C - a wand of polymorph (11)
Scrolls
 g - 4 scrolls of blinking
 i - 3 scrolls of identify
 k - 3 scrolls of immolation
 l - a scroll of enchant armour {unknown}
 n - a scroll of teleportation
 p - 4 scrolls of remove curse
 y - a scroll of fog
Potions
 c - a potion of flight {unknown}
 j - a potion of agility
 v - 2 potions of curing {unknown}
 A - a potion of brilliance {unknown}
 B - a potion of heal wounds {unknown}
Comestibles
 e - 11 rations {!d}
 o - 4 chunks of flesh


   Skills:
 + Level 6.3 Fighting
 + Level 4.2 Short Blades
 + Level 4.2 Long Blades
 + Level 4.2 Axes
 + Level 4.2 Maces & Flails
 + Level 4.2 Polearms
 + Level 4.2 Staves
 + Level 4.2 Slings
 + Level 4.2 Bows
 + Level 6.3 Crossbows
 + Level 5.1 Throwing
 + Level 4.2 Armour
 + Level 6.3 Dodging
 + Level 4.2 Stealth
 + Level 4.2 Shields
 + Level 4.2 Unarmed Combat
 + Level 6.6 Spellcasting
 + Level 3.5 Conjurations
 + Level 3.5 Hexes
 + Level 3.5 Charms
 + Level 3.5 Summonings
 + Level 3.5 Necromancy
 + Level 6.5 Translocations
 + Level 3.5 Transmutations
 + Level 3.5 Fire Magic
 + Level 3.5 Ice Magic
 + Level 3.5 Air Magic
 + Level 3.5 Earth Magic
 + Level 3.5 Poison Magic
 + Level 4.7 Invocations
 + Level 4.2 Evocations


You had 14 spell levels left.
You knew the following spells:

 Your Spells              Type           Power        Failure   Level  Hunger
a - Blink Other           Tloc           ####..       1%          1    None
b - Apportation           Tloc           ####..       1%          1    None
c - Blink                 Tloc           N/A          1%          2    None
d - Teleport Other        Tloc           ####....     3%          3    #......

Your spell library contained the following spells:

 Spells                   Type           Power        Failure   Level  Hunger
 Portal Projectile        Tloc           ####..       3%          3    #......
 Call Canine Familiar     Summ           ###.....     12%         3    #......
 Passage of Golubria      Tloc           N/A          30%         5    #####..
 Summon Ice Beast         Ice/Summ       ###.....     36%         4    ####...
 Summon Mana Viper        Hex/Summ       ###.....     71%         5    #####..
 Summon Hydra             Summ           ###.......   99%         6    ######.
 Monstrous Menagerie      Summ           ###.......   100%        7    #######
 Scorpion Form            Tmut/Pois      ###.......   100%        7    #######


Dungeon Overview and Level Annotations

Branches:
Dungeon (6/12)             Temple (0/1) D:5

Altars:
Cheibriados
Elyvilon
Gozag
Makhleb
Ru

Annotations:
D:5 1 runed translucent door, tronn's ghost, novice OpRg


Innate Abilities, Weirdness & Mutations

Your experience applies equally to all skills.
You have very sharp teeth.
Your uncanny sense of smell can sniff out nearby items.
Armour fits poorly on your strangely shaped body.
You passively map a small area around you.
Your muscles are strong. (Str +2)
You expend magic power (3 MP) to strengthen your wands.


Message History

The sky beast hits you but does no damage.
The jelly closely misses you.
You slash the jelly! The acid corrodes you!
Your hands burn!
* * * LOW HITPOINT WARNING * * *
The jelly is severely wounded.
The howler monkey closely misses you. The sky beast closely misses you.
The jelly barely misses you.
The howler monkey completely misses you.
You hit the jelly.
You kill the jelly!
Makhleb accepts your kill. The sky beast hits you.
* * * LOW HITPOINT WARNING * * *
The sky beast shocks you.
* * * LOW HITPOINT WARNING * * *
The howler monkey hoots and howls with incredible vigour!
The sky beast hits you.
* * * LOW HITPOINT WARNING * * *
The sky beast shocks you.
You die...

##..#....##............###..#[###
##.###..............####....#.#
...# ##..###..####[## #.##.#.###
#### ##...........# ###.##......
########...##..).#####...####.##.
##.......#.#.....###...####...###
#..........................###
#########..####Yh..#########
##..###@#### ##...#.## ###^...#
#...[# ##...# #...# #...# #...#
#####


You could see a sky beast and a howler monkey.

Vanquished Creatures
  A troll (D:6)
  A hippogriff (D:4)
  The ghost of Wachungys the Stinger, an amateur NaVM of Sif Muna (D:4)
  An orc warrior (D:5)
  2 sky beasts
  An ice beast (D:4)
  4 ogres
  A bullfrog (Sewer)
  A gnoll sergeant (D:4)
  A water moccasin zombie (D:4)
  A wight (D:3)
  2 orc priests
  A howler monkey (D:4)
  3 crimson imps
  A bullfrog zombie (D:6)
  A quasit (D:5)
  5 hounds
  A jelly (D:5)
  4 orc wizards
  5 worker ants
  2 hound skeletons (D:5)
  A howler monkey zombie (D:5)
  A worker ant zombie (D:6)
  A howler monkey skeleton (D:5)
  7 gnolls
  11 adders
  A river rat (D:3)
  An adder zombie (D:6)
  An adder skeleton (D:4)
  6 worms
  2 dart slugs
  10 leopard geckos
  16 orcs
  3 ball pythons
  7 giant cockroaches
  13 hobgoblins
  4 quokkas
  7 bats
  10 frilled lizards
  6 goblins
  A jackal skeleton (D:5)
  8 kobolds
  2 rats (D:1)
159 creatures vanquished.

Vanquished Creatures (others)
  6 plants (D:4)
6 creatures vanquished.

Grand Total: 165 creatures vanquished

Notes
Turn   | Place    | Note
-------+----------+-------------------------------------------
     0 | D:1      | iceDog the Gnoll Warper began the quest for the Orb.
     0 | D:1      | Reached XP level 1. HP: 20/20 MP: 6/6
   161 | D:1      | Reached XP level 2. HP: 26/26 MP: 7/7
   566 | D:1      | Reached XP level 3. HP: 31/31 MP: 9/9
   699 | D:2      | Reached skill level 5 in Spellcasting
   894 | D:2      | Reached skill level 1 in Invocations
  1495 | D:2      | Found a snail-covered altar of Cheibriados.
  1718 | D:3      | Reached skill level 1 in Short Blades
  1718 | D:3      | Reached skill level 1 in Long Blades
  1718 | D:3      | Reached skill level 1 in Axes
  1718 | D:3      | Reached skill level 1 in Maces & Flails
  1718 | D:3      | Reached skill level 1 in Polearms
  1718 | D:3      | Reached skill level 1 in Staves
  1718 | D:3      | Reached skill level 1 in Slings
  1718 | D:3      | Reached skill level 1 in Bows
  1718 | D:3      | Reached skill level 1 in Throwing
  1718 | D:3      | Reached skill level 1 in Armour
  1718 | D:3      | Reached skill level 1 in Stealth
  1718 | D:3      | Reached skill level 1 in Shields
  1718 | D:3      | Reached skill level 1 in Unarmed Combat
  1718 | D:3      | Reached skill level 1 in Evocations
  1718 | D:3      | Reached XP level 4. HP: 38/38 MP: 11/11
  1736 | D:3      | Reached skill level 1 in Conjurations
  1736 | D:3      | Reached skill level 1 in Hexes
  1736 | D:3      | Reached skill level 1 in Charms
  1736 | D:3      | Reached skill level 1 in Summonings
  1736 | D:3      | Reached skill level 1 in Necromancy
  1736 | D:3      | Reached skill level 1 in Transmutations
  1736 | D:3      | Reached skill level 1 in Fire Magic
  1736 | D:3      | Reached skill level 1 in Ice Magic
  1736 | D:3      | Reached skill level 1 in Air Magic
  1736 | D:3      | Reached skill level 1 in Earth Magic
  1736 | D:3      | Reached skill level 1 in Poison Magic
  1877 | D:3      | Reached XP level 5. HP: 43/43 MP: 12/12
  1913 | D:3      | Found a glowing drain.
  1934 | Sewer    | Entered a sewer
  2254 | Sewer    | Noticed a bullfrog
  2264 | Sewer    | Killed a bullfrog
  2265 | Sewer    | Reached XP level 6. HP: 39/50 MP: 13/13
  2289 | Sewer    | Learned a level 2 spell: Blink
  2510 | D:3      | Found an opulent altar of Gozag.
  2702 | D:3      | Reached skill level 5 in Fighting
  2702 | D:3      | Reached skill level 5 in Crossbows
  2702 | D:3      | Reached skill level 5 in Dodging
  3096 | D:4      | Gained mutation: Armour fits poorly on your strangely
                  | shaped body. [potion of mutation]
  3096 | D:4      | Gained mutation: You passively map a small area around you.
                  | [potion of mutation]
  3096 | D:4      | Gained mutation: You expend magic power (3 MP) to
                  | strengthen your wands. [potion of mutation]
  3096 | D:4      | Gained mutation: Your muscles are strong. (Str +2) [potion
                  | of mutation]
  3098 | D:4      | Noticed an ice beast
  3103 | D:4      | Killed an ice beast
  3104 | D:4      | Reached XP level 7. HP: 56/56 MP: 11/15
  3341 | D:4      | Found a white marble altar of Elyvilon.
  3445 | D:4      | Noticed Wachungys's ghost (amateur NaVM)
  3445 | D:4      | Identified the +1 spear of Mocwew {vamp, -Tele Str+4
                  | Stlth+}
  3445 | D:4      | Identified the +3 ring mail of Dishonour {Int+2}
  3476 | D:4      | Noticed a hippogriff
  3490 | D:4      | Killed a hippogriff
  3491 | D:4      | Reached XP level 8. HP: 46/63 MP: 13/16
  3541 | D:4      | Found a transporter.
  3541 | D:4      | Found a transporter.
  3645 | D:4      | Found a burning altar of Makhleb.
  3651 | D:4      | Became a worshipper of Makhleb the Destroyer
  3803 | D:4      | Killed Wachungys's ghost
  4302 | D:4      | Learned a level 3 spell: Teleport Other
  4335 | D:5      | Entered Level 5 of the Dungeon
  4558 | D:5      | Found a runed translucent door.
  4559 | D:5      | Noticed tronn's ghost (novice OpRg)
  4609 | D:5      | Reached XP level 9. HP: 47/69 MP: 18/18
  4862 | D:5      | Found a staircase to the Ecumenical Temple.
  5019 | D:6      | Noticed a troll
  5102 | D:6      | Killed a troll
  5102 | D:6      | Reached * piety under Makhleb
  5141 | D:6      | Found a sacrificial altar of Ru.
  5436 | D:5      | Reached skill level 5 in Throwing
  5455 | D:5      | Slain by a sky beast

Skill      XL: |  1  2  3  4  5  6  7  8  9 |
---------------+----------------------------+-----
Spellcasting   | 5 6 |  6.6
Invocations    | 1 2 3 4 |  4.7
Short Blades   | 1 2 3 4 |  4.2
Long Blades    | 1 2 3 4 |  4.2
Axes           | 1 2 3 4 |  4.2
Maces & Flails | 1 2 3 4 |  4.2
Polearms       | 1 2 3 4 |  4.2
Staves         | 1 2 3 4 |  4.2
Slings         | 1 2 3 4 |  4.2
Bows           | 1 2 3 4 |  4.2
Throwing       | 1 2 3 4 5 |  5.1
Armour         | 1 2 3 4 |  4.2
Stealth        | 1 2 3 4 |  4.2
Shields        | 1 2 3 4 |  4.2
Unarmed Combat | 1 2 3 4 |  4.2
Evocations     | 1 2 3 4 |  4.2
Conjurations   | 1 2 3 |  3.5
Hexes          | 1 2 3 |  3.5
Charms         | 1 2 3 |  3.5
Summonings     | 1 2 3 |  3.5
Necromancy     | 1 2 3 |  3.5
Transmutations | 1 2 3 |  3.5
Fire Magic     | 1 2 3 |  3.5
Ice Magic      | 1 2 3 |  3.5
Air Magic      | 1 2 3 |  3.5
Earth Magic    | 1 2 3 |  3.5
Poison Magic   | 1 2 3 |  3.5
Fighting       | 5 6 |  6.3
Crossbows      | 5 6 |  6.3
Dodging        | 5 6 |  6.3
Translocations | 6 |  6.5

Action                   |  1- 3 |  4- 6 |  7- 9 || total
-------------------------+-------+-------+-------++-------
Melee: Dagger            |    45 |   186 |   150 ||   381
       Bite              |     2 |    16 |    21 ||    39
       Halberd           |       |       |    39 ||    39
       Great sword       |       |       |    22 ||    22
 Fire: Hand crossbow     |    69 |    22 |   136 ||   227
 Cast: Blink             |       |       |     2 ||     2
       Blink Other       |       |       |     1 ||     1
Evoke: Wand              |       |     4 |     8 ||    12
  Use: Scroll            |     8 |     3 |     2 ||    13
       Potion            |       |     1 |     2 ||     3
 Stab: Sleeping          |       |     1 |       ||     1
       Paralysed         |       |       |     1 ||     1
  Eat: Chunk             |     4 |     8 |     9 ||    21
       Ration            |       |     1 |     2 ||     3
Armor: Leather armour    |     8 |    26 |       ||    34
       Ring mail         |       |     8 |   127 ||   135
Dodge: Dodged            |    27 |   104 |   291 ||   422
Block: Buckler           |     6 |    45 |    30 ||    81
       Other             |       |       |     1 ||     1
